 Dungeon Crawl Stone Soup version 0.18.0-1-g0107ab7 (webtiles) character file.

20 juanjsm the Stinger (level 2, -2/13 HPs)
             Began as a Spriggan Venom Mage on May 5, 2016.
             Slain by a shadow imp (3 damage)
             ... on level 3 of the Dungeon.
             The game lasted 00:02:06 (887 turns).

juanjsm the Stinger (Spriggan Venom Mage)            Turns: 887, Time: 00:02:07

Health: -2/13      AC:  2    Str:  4    XL:     2   Next: 58%
Magic:  2/6        EV: 18    Int: 16    God:
Gold:   62         SH:  0    Dex: 16    Spells: 2 memorised, 3 levels left

rFire  . . .     SeeInvis +     e - +0 dagger
rCold  . . .     Gourm    .     a - +0 robe
rNeg   . . .     Faith    .     (shield restricted)
rPois  .         Spirit   .     (helmet restricted)
rElec  .         Dismiss  .     (no cloak)
rCorr  .         Reflect  .     (gloves unavailable)
SustAt .         Harm     .     (boots unavailable)
MR     .....                    (no amulet)
Stlth  +++.......               (no ring)
                                (no ring)

@: very quick, not resistant to hostile enchantments, fairly stealthy
A: unfitting armour, see invisible, herbivore 3, speed 3, slow metabolism 2
a: no special abilities


You were on level 3 of the Dungeon.
You were not hungry.

You visited 1 branch of the dungeon, and saw 3 of its levels.

You collected 62 gold pieces.

Inventory:

Hand Weapons
 e - a +0 dagger (weapon)
Armour
 a - a +0 robe (worn)
Scrolls
 d - a scroll of random uselessness {unknown}
 g - 3 scrolls of recharging {unknown}
 h - a scroll of blinking {unknown}
 i - 2 scrolls of noise {unknown}
 j - a scroll of identify {unknown}
Potions
 f - a potion of agility {unknown}
 l - a potion of curing {unknown}
Books
 b - a Young Poisoner's Handbook

   Spells                             Type                      Level
   a - Sting                          Conjuration/Poison           1
   b - Cure Poison                    Poison                       2
   c - Mephitic Cloud                 Conjuration/Poison/Air       3
   d - Olgreb's Toxic Radiance        Poison                       4
   e - Venom Bolt                     Conjuration/Poison           5
Comestibles
 c - a bread ration
 k - a royal jelly


   Skills:
 + Level 0.1 Fighting
 + Level 3.2 Dodging
 + Level 3.2 Stealth
 + Level 0.1 Unarmed Combat
 + Level 2.7 Spellcasting
 + Level 4.5 Poison Magic


You had 3 spell levels left.
You knew the following spells:

 Your Spells              Type           Power        Failure   Level  Hunger
a - Sting                 Conj/Pois      #...         10%         1    #......
b - Cure Poison           Pois           ###.......   6%          2    ##.....


Dungeon Overview and Level Annotations

Branches:
Dungeon (3/15)

Altars:

Annotations:
D:3 Robin


Innate Abilities, Weirdness & Mutations

You are tiny and cannot use many weapons and most armour.
You have supernaturally acute eyesight.
You are a herbivore.
You cover ground extremely quickly.
You need consume almost no food.


Message History

Confirm with . or Enter, or press ? or * to list all spells.
Aiming: Sting
Press: ? - help, Shift-Dir - straight line, f - shadow imp
Aim: a shadow imp (lightly wounded)
The sting misses the shadow imp.
The goblin hits you but does no damage. The goblin misses you.
The shadow imp completely misses you.
A goblin and Robin come into view.
Casting: Sting
Confirm with . or Enter, or press ? or * to list all spells.
Okay, then.
Robin shouts!
The goblin shouts!
You hit the shadow imp but do no damage.
The goblin misses you. The goblin completely misses you.
The shadow imp completely misses you.
Your magical contamination has completely faded away.
You hit the shadow imp but do no damage.
The goblin misses you. The goblin hits you with a dagger.
* * * LOW HITPOINT WARNING * * *
The shadow imp hits you.
You die...

#.........#
#......>..#
#.......[.#####
##..............
...........%....
#......<..#
#.........#
#..#####5## ##
#@## #gg# ##g#
#S#


.gg #gg. ..g## #... ##.# You could see Robin, an adder, a shadow imp, 2
hobgoblins and 5 goblins.

Vanquished Creatures
  An adder (D:2)
  2 goblins (D:1)
  A hobgoblin (D:1)
  2 bats (D:1)
  2 giant newts (D:1)
  A kobold (D:1)
  4 rats (D:1)
13 creatures vanquished.

Notes
Turn   | Place    | Note
--------------------------------------------------------------
     0 | D:1      | juanjsm the Spriggan Venom Mage began the quest for the Orb.
     0 | D:1      | Reached XP level 1. HP: 9/9 MP: 5/5
   420 | D:1      | Reached XP level 2. HP: 10/13 MP: 3/6
   424 | D:1      | Learned a level 2 spell: Cure Poison
   886 | D:3      | Noticed Robin
   887 | D:3      | Slain by a shadow imp

Action                   || total
-------------------------++-------
Melee: Unarmed           ||     8
       Dagger            ||    15
 Cast: Sting             ||    23
       Cure Poison       ||     1
 Stab: Sleeping          ||     5
Armor: Robe              ||     5
Dodge: Dodged            ||    44
